 Dungeon Crawl Stone Soup version 0.30-b1-2-g02819fbbbe (webtiles) character file.

Game seed: 17568422380627274529

758 Ashen the Caller (level 7, -3/68 HPs)
             Began as an Ogre Summoner on Aug 25, 2023.
             Was an Initiate of Sif Muna.
             Slain by an orc
             ... wielding a +0 club
              (5 damage)
             ... on level 4 of the Dungeon.
             The game lasted 00:10:12 (5410 turns).

Ashen the Caller (Ogre Summoner)                    Turns: 5410, Time: 00:10:12

Health: -3/68      AC:  3    Str: 13    XL:     7   Next: 80%
Magic:  15/15      EV: 10    Int: 18    God:    Sif Muna [......]
Gold:   168        SH:  0    Dex:  9    Spells: 10/16 levels left

rFire   . . .        u - +0 dagger (venom)
rCold   . . .        (no shield)
rNeg    . . .        a - +0 robe
rPois   .            (helmet restricted)
rElec   .            (no cloak)
rCorr   .            (gloves unavailable)
SInv    .            (boots unavailable)
Will    .....        (no amulet)
Stlth   ++           (no ring)
HPRegen 0.31/turn    (no ring)
MPRegen 0.14/turn

%: no passive effects
@: no status effects
A: large, unfitting armour, tough skin 1
a: Renounce Religion


You were on level 4 of the Dungeon.
You worshipped Sif Muna.
Sif Muna was noncommittal.
You visited 2 branches of the dungeon, and saw 6 of its levels.

You collected 168 gold pieces.

Inventory:

Hand Weapons
 j - a +0 morningstar
 m - a +2 dagger of electrocution
 u - a +0 dagger of venom (weapon)
Armour
 a - a +0 robe (worn)
Jewellery
 i - a ring of positive energy
 s - an amulet of regeneration
Scrolls
 c - 2 scrolls of poison {unknown}
 e - 2 scrolls of identify {unknown}
 g - a scroll of torment {unknown}
 h - 2 scrolls of enchant weapon {unknown}
 k - 3 scrolls of noise {unknown}
 l - 2 scrolls of enchant armour {unknown}
 o - 4 scrolls of teleportation {unknown}
 t - a scroll of magic mapping {unknown}
 v - a scroll of fog {unknown}
 w - a scroll of blinking {unknown}
 x - a scroll of fear {unknown}
Potions
 b - a potion of magic
 d - 4 potions of degeneration {unknown}
 f - 5 potions of lignification {unknown}
 n - 2 potions of flight {unknown}
 p - 3 potions of curing {unknown}
 q - a potion of mutation {unknown}
 r - a potion of might {unknown}


   Skills:
 + Level 3.6 Fighting
 + Level 2.4 Maces & Flails
 + Level 3.4 Dodging
 - Level 1.6 Stealth
 * Level 5.4 Spellcasting
 * Level 5.4 Summonings


You had 10 spell levels left.
You knew the following spells:

 Your Spells              Type           Power      Damage    Failure   Level
a - Summon Small Mammal   Summ           96%        N/A       1%          1
b - Call Imp              Summ           48%        N/A       1%          2
c - Call Canine Familiar  Summ           24%        N/A       4%          3

Your spell library contained the following spells:

 Spells                   Type           Power      Damage    Failure   Level
 Freeze                   Ice            16%        1d4       13%         1
 Summon Guardian Golem    Hex/Summ       14%        N/A       13%         3
 Frozen Ramparts          Ice            8%         1d2       36%         3
 Hailstorm                Conj/Ice       4%         3d4       36%         3
 Summon Lightning Spire   Summ/Air       14%        N/A       38%         4


Dungeon Overview and Level Annotations

Branches:
Dungeon (5/15)             Temple (1/1) D:4

Altars:
Cheibriados
Dithmenos
Gozag
Kikubaaqudgha
Makhleb
Okawaru
Ru
Sif Muna
Trog
Vehumet
Yredelemnul
Zin


Innate Abilities, Weirdness & Mutations

You are too large for most types of armour.
You have tough skin. (AC +1)


Message History

There is an open door here.
Done exploring.
Done exploring.
There is a staircase to the Ecumenical Temple here.
There is a stone staircase leading down here.
You climb downwards.
The orc shouts!
The iguana hisses angrily.
Found 18 gold pieces, a glowing blue potion and a silvery potion.
Found a stone staircase leading up.
There is a stone staircase leading up here.
The iguana bites you.
You hit the iguana but do no damage.
The iguana is poisoned.
The jackal barks!
The orc hits you with a +0 club. The iguana bites you!
The orc hits you with a +0 club.
There is a stone staircase leading up here.
The orc hits you with a +0 club. The iguana bites you.
You climb upwards.
There is a stone staircase leading down here.
The iguana attacks as you move away! The iguana bites you!
The orc closely misses you.
You hit the orc but do no damage. The orc barely misses you.
The iguana barely misses you.
You barely miss the orc. The orc hits you with a +0 club.
The iguana closely misses you.
You hit the orc but do no damage. The orc hits you with a +0 club.
The iguana bites you but does no damage.
You barely miss the orc. The orc closely misses you. The iguana bites you!
* * * LOW HITPOINT WARNING * * *
You closely miss the orc. The orc hits you with a +0 club.
* * * LOW HITPOINT WARNING * * *
The iguana bites you!
* * * LOW HITPOINT WARNING * * *
Unknown command.
You hit the orc but do no damage. The orc hits you with a +0 club.
* * * LOW HITPOINT WARNING * * *
The iguana bites you.
* * * LOW HITPOINT WARNING * * *
You closely miss the orc. The orc hits you with a +0 club.
You die...

######### #.# #.##### #.......#
#.###.#.... #.......# #.#........
#.......# #.#.#.#.... #)......#
#.#...#.... #.......# #.######...
#.......#######..........
#########........................
........'......l@................
#########......o################.
#####.........# #. #.........# #.
#.........###### #.
#..............# #.
#..............# #.
#########..............# #.
#......##............### #.


You could see an iguana (poisoned) and an orc.

Vanquished Creatures
  Pikel (D:4)
  2 orc priests
  Robin (D:4)
  4 adders
  4 worms
  5 orcs (D:3)
  8 ball pythons
  4 bats
  5 endoplasms
  4 giant cockroaches
  9 goblins
  8 hobgoblins
  6 jackals (D:4)
  A quokka (D:3)
  A frilled lizard (D:1)
  4 kobolds
  7 rats
74 creatures vanquished.

Vanquished Creatures (collateral kills)
  A jelly (D:4)
  A sleepcap (D:3)
  An adder (D:4)
  A worm (D:2)
  A dart slug (D:1)
  A hobgoblin (D:1)
  A quokka (D:1)
  A ball python (D:1)
  A kobold (D:1)
9 creatures vanquished.

Grand Total: 83 creatures vanquished

Notes
Turn   | Place    | Note
-------+----------+-------------------------------------------
     0 | D:1      | Ashen the Ogre Summoner began the quest for the Orb.
     0 | D:1      | Reached XP level 1. HP: 16/16 MP: 3/3
   341 | D:1      | Reached XP level 2. HP: 24/24 MP: 5/5
   945 | D:2      | Learned a level 2 spell: Call Imp
  1009 | D:2      | Reached XP level 3. HP: 17/32 MP: 7/7
  1474 | D:2      | Reached skill level 1 in Fighting
  1896 | D:2      | Learned a level 3 spell: Call Canine Familiar
  1918 | D:2      | Reached XP level 4. HP: 29/41 MP: 8/8
  1994 | D:2      | Found an opulent altar of Gozag.
  2551 | D:3      | Reached skill level 1 in Maces & Flails
  2794 | D:3      | Reached XP level 5. HP: 26/48 MP: 10/10
  3898 | D:4      | Noticed Robin
  3937 | D:4      | Killed Robin
  4181 | D:4      | Reached XP level 6. HP: 11/57 MP: 12/12
  4541 | D:4      | Found a staircase to the Ecumenical Temple.
  4550 | Temple   | Entered the Ecumenical Temple
  4593 | Temple   | Became a worshipper of Sif Muna the Loreminder
  4785 | D:4      | Noticed Pikel
  4954 | D:4      | Killed Pikel
  4955 | D:4      | Reached skill level 5 in Spellcasting
  4955 | D:4      | Reached skill level 5 in Summonings
  4955 | D:4      | Reached XP level 7. HP: 18/68 MP: 6/15
  5397 | D:5      | Entered Level 5 of the Dungeon
  5408 | D:4      | HP: 3/68 [iguana (8)]
  5410 | D:4      | Slain by an orc

Illustrated notes

Levels and vault maps discovered:
D:1:      lightli_arrival_statue_moat, layout_loops_cross,
          chequers_serial_rivers_micro_e, dk_noncrumbling_4
D:2:      kb_forest_paths, layout_loops_corners, basic_altar
D:3:      layout_loops_ring
D:4:      kennysheep_big_flooded_room, layout_basic, lemuel_temple_firewalk_b,
          uniq_pikel, uniq_robin
D:5:      layout_rooms, kennysheep_mini, mainiacjoe_overflow_brackets,
          mainiacjoe_overflow_concentric_impassable, lemuel_doored_altar,
          nicolae_fountain_basement, uniq_eustachio
Temple:   nicolae_temple_ecumenical_triangle

Skill      XL: |  1  2  3  4  5  6 |
---------------+-------------------+-----
Dodging        | 2 3 |  3.4
Spellcasting   | 3 4 5 |  5.4
Fighting       | 1 2 3 |  3.6
Summonings     | 4 5 |  5.4
Maces & Flails | 1 2 |  2.4
Stealth        | |  1.6

Action                     |  1- 3 |  4- 6 |  7- 9 || total
---------------------------+-------+-------+-------++-------
  Melee: Unarmed           |    70 |       |       ||    70
         Club              |    40 |       |       ||    40
         Dagger            |    37 |   172 |     8 ||   217
         Punch             |     1 |     3 |       ||     4
         Morningstar       |       |    60 |       ||    60
         Mace              |       |     1 |       ||     1
   Cast: Summon Small Mamm |     5 |     2 |       ||     7
         Call Imp          |     2 |     9 |       ||    11
         Call Canine Famil |       |     3 |       ||     3
   Stab: Sleeping          |     2 |     1 |       ||     3
 Armour: Robe              |    57 |    52 |     1 ||   110
  Dodge: Dodged            |    75 |   129 |     5 ||   209
